 Dungeon Crawl Stone Soup version 0.31.0-9-g3a7656b989 (webtiles) character file.

Game seed: 5123218493142570008

53 Eitelfritz the Slasher (level 3, 0/30 HPs)
             Began as a Minotaur Gladiator on Feb 3, 2024.
             Slain by a goblin
             ... wielding a +0 dagger
             ... led by Robin
              (3 damage)
             ... on level 2 of the Dungeon.
             The game lasted 00:01:42 (787 turns).

Eitelfritz the Slasher (Minotaur Gladiator)          Turns: 787, Time: 00:01:43

Health: 0/30       AC:  9    Str: 18    XL:     3   Next: 62%
Magic:  2/2        EV:  8    Int:  7    God:
Gold:   39         SH:  0    Dex: 11    Spells: 2/2 levels left

rFire   . . .        a - +0 long sword
rCold   . . .        (no shield)
rNeg    . . .        j - +0 chain mail
rPois   .            c - +0 hat
rElec   .            (no cloak)
rCorr   .            i - +0 pair of gloves
SInv    .            (no boots)
Will    .....        (no amulet) Stlth
                     (no ring)
HPRegen 0.25/turn    (no ring)
MPRegen 0.08/turn

%: no passive effects
@: attractive
A: horns 2, retaliatory headbutt
a: no special abilities


You were on level 2 of the Dungeon.
You visited 1 branch of the dungeon, and saw 2 of its levels.

You collected 39 gold pieces.

Inventory:

Hand Weapons
 a - a +0 long sword (weapon)
Missiles
 d - 3 throwing nets (quivered)
 e - a javelin
Armour
 c - a +0 hat (worn)
 i - a +0 pair of gloves (worn)
 j - a +0 chain mail (worn)
Jewellery
 l - an amulet of faith
Scrolls
 g - a scroll of immolation {unknown}
 h - 2 scrolls of identify {unknown}
 m - a scroll of revelation {unknown}
Potions
 f - a potion of berserk rage {unknown}
 k - a potion of lignification {unknown}


   Skills:
 + Level 2.8 Fighting
 + Level 4.8 Long Blades
 + Level 2.0 Throwing
 + Level 0.6 Armour
 + Level 3.8 Dodging


You had 2 spell levels left.
You didn't know any spells.
Your spell library was empty.

Dungeon Overview and Level Annotations

Branches:
Dungeon (2/15)

Altars:

Annotations:
D:2 Robin


Innate Abilities, Weirdness & Mutations

You have a pair of horns on your head.
You reflexively headbutt those who attack you in melee.


Message History

The hobgoblin barely misses you. The goblin hits you but does no damage.
Robin roars a battlecry!
The hobgoblin goes into a battle-frenzy!
The goblin barely misses you. The hobgoblin hits you.
You hit the hobgoblin.
You kill the hobgoblin!
The goblin hits you with a +0 dagger. The goblin hits you but does no damage.
The hobgoblin hits you.
The goblin shoots a sling bullet.
The sling bullet closely misses you.
Unknown command.
You hit the goblin. Your headbutt misses the goblin.
The goblin is severely wounded.
The goblin no longer looks unusually strong.
The goblin closely misses you.
Robin says, "A pitiful Minotaur like you will never find the ORB!"
Robin throws the goblin at you!
* * * LOW HITPOINT WARNING * * *
The goblin closely misses you. You furiously retaliate!
You headbutt the goblin!
You kill the goblin!
The hobgoblin hits you.
* * * LOW HITPOINT WARNING * * *
The goblin shoots a sling bullet.
The sling bullet hits you.
* * * LOW HITPOINT WARNING * * *
The kobold throws a stone.
The stone hits you but does no damage. The goblin hits you with a +0 dagger.
* * * LOW HITPOINT WARNING * * *
The hobgoblin barely misses you.
Unknown command.
It was a potion of attraction.
You feel attractive to monsters. The goblin hits you but does no damage.
Robin hits you but does no damage.
The hobgoblin hits you but does no damage.
You barely miss Robin.
The goblin no longer looks unusually strong.
The goblin unwields a +0 sling.
The goblin wields a +0 club.
The goblin hits you but does no damage. Robin hits you with a +0 club.
* * * LOW HITPOINT WARNING * * *
The goblin hits you with a +0 dagger.
You die...

.............#
#..##..#.....#
######........#...#
.......†##........##.
#....................
..###........##...##.
......$#)#....#......#
....g..#ggg..........# .
.gg..####@g..##..#...# ..
.ggg#####)K.....>##..# ...
..gg.................#....
..g.###...................
.. ##.................#
#.............<...#
#...........####..#
#...........# >#
##.........## #


You could see Robin, a hobgoblin (strong), 2 goblins and a kobold.

Vanquished Creatures
  A dart slug (D:1)
  3 ball pythons
  3 endoplasms
  3 giant cockroaches
  15 goblins
  3 hobgoblins
  3 jackals (D:2)
  5 bats (D:1)
  3 frilled lizards
  4 rats (D:1)
43 creatures vanquished.

Notes
Turn   | Place    | Note
-------+----------+-------------------------------------------
     0 | D:1      | Eitelfritz the Minotaur Gladiator began the quest for the
                  | Orb.
     0 | D:1      | Reached XP level 1. HP: 18/18 MP: 0/0
   112 | D:1      | Reached skill level 4 in Long Blades
   112 | D:1      | Reached XP level 2. HP: 22/25 MP: 1/1
   345 | D:1      | Found a faded altar of an unknown god.
   550 | D:1      | Reached XP level 3. HP: 30/30 MP: 2/2
   757 | D:2      | Noticed Robin
   787 | D:2      | Slain by a goblin

Illustrated notes

Levels and vault maps discovered:
D:1:      co_arrival_random_square_maze, layout_loops_ring,
          basic_ecumenical_altar, minmay_pentomino_x2
D:2:      layout_rooms, uniq_sigmund, uniq_robin

Skill      XL: |  1 |
---------------+----+-----
Long Blades    | 4 |  4.8
Fighting       | |  2.8
Throwing       | |  2.0
Armour         | |  0.6
Dodging        | |  3.8

Action                     || total
---------------------------++-------
  Melee: Long sword        ||    76
         Headbutt          ||    12
         Punch             ||     1
    Use: Potion            ||     1
 Armour: Leather armour    ||    18
         Chain mail        ||    73
  Dodge: Dodged            ||    59
